 Dungeon Crawl Stone Soup version 0.31-a0-986-g5e6e4ef867 (webtiles) character file.

Game seed: 15312857063937875738

4132 mandarbmax the Thaumaturge (level 10, -9/55 HPs)
             Began as a Deep Elf Summoner on Nov 20, 2023.
             Was an Initiate of Ashenzari.
             Killed from afar by an electric eel (10 damage)
             ... with a bolt of electricity
             ... on level 7 of the Dungeon.
             The game lasted 00:27:58 (10182 turns).

mandarbmax the Thaumaturge (Deep Elf Summoner)     Turns: 10182, Time: 00:27:59

Health: -9/55      AC:  3    Str:  5    XL:     10   Next: 6%
Magic:  15/26      EV: 16    Int: 31    God:    Ashenzari [......]
Gold:   726        SH:  0    Dex: 15    Spells: 16/29 levels left

rFire   + + +        e - staff of fire
rCold   + . .        (no shield)
rNeg    . . .        v - +1 robe {rF+}
rPois   .            (no helmet)
rElec   .            x - scarf {rC+ rF+}
rCorr   .            (no gloves)
SInv    .            (no boots)
Will    +....        t - amulet of faith
Stlth   ++           s - +6 ring of intelligence
HPRegen 0.29/turn    r - ring of wizardry
MPRegen 0.20/turn

%: faith, wizardry (x1)
@: no status effects
A: no striking features
a: Renounce Religion, Curse Item


You were on level 7 of the Dungeon.
You worshipped Ashenzari.
Ashenzari was noncommittal.
You visited 2 branches of the dungeon, and saw 8 of its levels.

You collected 726 gold pieces.

Inventory:

Armour
 v - a +1 robe of fire resistance (worn)
 x - a scarf of resistance (worn)
Magical Staves
 e - a staff of fire (weapon)
Jewellery
 r - a ring of wizardry (right hand)
 s - a +6 ring of intelligence (left hand)
 t - an amulet of faith (around neck)
Wands
 a - a wand of flame (16)
 l - a wand of quicksilver (9)
 B - a wand of mindburst (16)
 F - a wand of paralysis (4)
Scrolls
 g - a scroll of vulnerability
 i - 2 scrolls of blinking {unknown}
 j - 2 scrolls of revelation {unknown}
 k - 2 scrolls of torment {unknown}
 m - 2 scrolls of noise
 n - 2 scrolls of fog {unknown}
 u - a scroll of silence {unknown}
 w - a scroll of teleportation {unknown}
 y - a scroll of brand weapon {unknown}
 C - 2 scrolls of butterflies {unknown}
 D - a scroll of identify
 E - 3 scrolls of enchant armour {unknown}
 G - a scroll of poison {unknown}
Potions
 b - 2 potions of magic
 c - 2 potions of haste {unknown}
 d - a potion of berserk rage
 f - 2 potions of degeneration {unknown}
 h - a potion of cancellation
 o - a potion of mutation
 p - a potion of curing
 q - 2 potions of lignification {unknown}
 z - a potion of resistance {unknown}
 A - a potion of attraction {unknown}


   Skills:
 + Level 2.9 Fighting
 + Level 8.7 Dodging
 - Level 2.4 Stealth
 + Level 10.2 Spellcasting
 - Level 4.0 Hexes
 - Level 10.0 Summonings
 - Level 4.0 Air Magic


You had 16 spell levels left.
You knew the following spells:

 Your Spells              Type           Power      Damage    Failure   Level
a - Summon Small Mammal   Summ           100%       N/A       1%          1
b - Call Imp              Summ           100%       N/A       1%          2
c - Call Canine Familiar  Summ           67%        N/A       1%          3
d - Summon Guardian Gole  Hex/Summ       56%        N/A       1%          3
e - Summon Lightning Spi  Summ/Air       56%        N/A       1%          4

Your spell library contained the following spells:

 Spells                   Type           Power      Damage    Failure   Level
 Freeze                   Ice            60%        1d7       1%          1
 Shock                    Conj/Air       100%       1d9       1%          1
 Ensorcelled Hibernation  Hex/Ice        56%        N/A       1%          2
 Passwall                 Tmut/Erth      12%        N/A       1%          2
 Swiftness                Air            40%        N/A       1%          3
 Airstrike                Air            20%        2d(3-19)  2%          4
 Frozen Ramparts          Ice            30%        1d5       4%          3
 Hailstorm                Conj/Ice       15%        3d5       4%          3


Dungeon Overview and Level Annotations

Branches:
Dungeon (7/15)             Temple (1/1) D:6

Altars:
Ashenzari
Dithmenos
Elyvilon
Fedhas
Gozag
Kikubaaqudgha
Sif Muna
Trog
Uskayaw
Wu Jian
Xom
Yredelemnul
The Shining One

Shops:
D:4 :

Annotations:
D:4 1 runed translucent door, Crazy Yiuf
D:7 2 transporters
Temple 4 transporters


Message History

The bolt of electricity hits you!
Casting: Summon Lightning Spire (dangerous; 1% risk of failure)
Confirm with . or Enter, or press ? or * to list all spells.
The raiju closely misses you.
Unknown command.
Casting: Call Canine Familiar (safe; 1% risk of failure)
Confirm with . or Enter, or press ? or * to list all spells.
A tiny devil pulls itself out of the air.
The raiju closely misses you.
An electric eel comes into view.
Unknown command.
You swap places.
Your warg bites the raiju.
The raiju bursts into living lightning!
The living lightning hits your warg!! The living lightning hits you.
The raiju blinks! x2
Your cerulean imp hits the raiju with a +1 spear.
Casting: Call Imp (safe; 1% risk of failure)
Confirm with . or Enter, or press ? or * to list all spells.
A guardian golem appears, shielding your allies.
Your warg bites the raiju!
The raiju bursts into living lightning!
The living lightning hits your warg! The living lightning hits you!
The raiju blinks! x2
The electric eel shoots out a bolt of lightning at you!
The bolt of electricity hits the electric eel.
The electric eel completely resists.
The bolt of electricity hits your cerulean imp.
Your cerulean imp resists.
The bolt of electricity hits your warg!
Your warg dies!
Your warg's corpse disappears in a puff of smoke!
The bolt of electricity hits you!
* * * LOW HITPOINT WARNING * * *
The electric eel shoots out a bolt of lightning at you!
The bolt of electricity hits your cerulean imp.
Your cerulean imp resists.
The bolt of electricity hits you!
* * * LOW HITPOINT WARNING * * *
The bolt of electricity hits you!
You die...

### #......# ≈~...~#
##.####.)....# S~...≈#
.............#
##~...~≈#
.#####.......# #≈≈...≈#
.####........###≈...~~#
..##..#########≈S...≈#
.....## #≈5h.~~#
......### ###§..#
........######9.@.8#
........)......#####
............####
>...........#
...#.######## ...#.##
...#..# ...##.# ..###.#


You could see a raiju, 2 electric eels, a friendly guardian golem (summoned), a
friendly lightning spire (summoned, sheltered) and a friendly cerulean imp
(summoned).

Vanquished Creatures
  Grinder (D:3)
  An orc (D:4)
  An endoplasm (D:3)
  A giant cockroach (D:1)
  A hobgoblin (D:4)
  A goblin (D:1)
  A kobold (D:1)
  A rat (D:1)
8 creatures vanquished.

Vanquished Creatures (collateral kills)
  2 black bears
  3 ice beasts
  A sky beast (D:6)
  3 ogres
  3 centaurs
  2 lemures (D:4)
  3 phantoms
  Blork the orc (D:4)
  A kobold brigand (D:7)
  2 scorpions
  8 wights (D:7)
  4 killer bees (D:7)
  6 jellies
  7 hounds
  4 orc priests
  A sleepcap (D:5)
  Jessica (D:3)
  Ijyb (D:4)
  6 iguanas
  Natasha (D:3)
  3 orc wizards
  6 gnolls
  7 adders
  3 ufetubi
  8 worms
  2 dart slugs
  21 orcs
  4 bats
  5 endoplasms
  3 giant cockroaches
  7 goblins
  9 hobgoblins
  6 jackals
  11 kobolds
  7 quokkas
  12 ball pythons
  2 frilled lizards (D:3)
  3 rats
179 creatures vanquished.

Vanquished Creatures (others)
  Pikel (D:4)
  A centaur (D:7)
  A gnoll sergeant (D:4)
  A wight (D:7)
  Natasha (D:3)
  An iguana (D:6)
  3 gnolls (D:4)
9 creatures vanquished.

Grand Total: 196 creatures vanquished

Notes
Turn   | Place    | Note
-------+----------+-------------------------------------------
     0 | D:1      | mandarbmax the Deep Elf Summoner began the quest for the
                  | Orb.
     0 | D:1      | Reached XP level 1. HP: 10/10 MP: 6/6
   205 | D:1      | Reached XP level 2. HP: 10/15 MP: 6/8
   211 | D:1      | Reached skill level 5 in Summonings
   471 | D:1      | You fall into a shaft and drop 1 floor!
   605 | D:2      | Learned a level 2 spell: Call Imp
   651 | D:2      | Reached XP level 3. HP: 18/19 MP: 6/9
   981 | D:2      | Found an ancient bone altar of Kikubaaqudgha.
  1265 | D:2      | Learned a level 3 spell: Call Canine Familiar
  1434 | D:2      | Reached XP level 4. HP: 24/24 MP: 5/10
  2400 | D:2      | Found a faded altar of an unknown god.
  2453 | D:3      | Noticed Grinder
  2487 | D:3      | Killed Grinder
  2488 | D:3      | Reached XP level 5. HP: 28/28 MP: 1/11
  2488 | D:3      | Reached XP level 6. HP: 32/32 MP: 1/12
  2492 | D:3      | Learned a level 3 spell: Summon Guardian Golem
  2787 | D:3      | Found an opulent altar of Gozag.
  3148 | D:3      | Reached skill level 1 in Hexes
  3335 | D:3      | Noticed Jessica
  3344 | D:3      | Killed Jessica
  3637 | D:3      | Noticed Natasha
  3646 | D:3      | Killed Natasha
  3647 | D:3      | Noticed Natasha
  3683 | D:3      | Killed Natasha
  3854 | D:4      | Noticed Blork the orc
  3865 | D:4      | Killed Blork the orc
  4060 | D:4      | Reached XP level 7. HP: 36/36 MP: 4/13
  4722 | D:4      | Learned a level 4 spell: Summon Lightning Spire
  4910 | D:4      | Reached skill level 1 in Air Magic
  5075 | D:4      | Noticed Pikel
  5088 | D:4      | Killed Pikel
  5089 | D:4      | Reached skill level 5 in Spellcasting
  5089 | D:4      | Reached XP level 8. HP: 41/41 MP: 1/18
  5616 | D:4      | Found a glowing golden altar of the Shining One.
  5755 | D:4      | Noticed Ijyb
  5766 | D:4      | Killed Ijyb
  5958 | D:4      | Found a runed translucent door.
  5959 | D:4      | Noticed Crazy Yiuf
  6048 | D:4      | Found Toejos's Tremendous Tomes.
  6224 | D:5      | Entered Level 5 of the Dungeon
  6647 | D:5      | Found a bloodstained altar of Trog.
  6743 | D:5      | Reached skill level 5 in Dodging
  7052 | D:5      | Reached skill level 10 in Summonings
  7261 | D:5      | Reached XP level 9. HP: 45/45 MP: 6/21
  7693 | D:5      | Found a shimmering altar of Xom.
  8142 | D:6      | Found a staircase to the Ecumenical Temple.
  8149 | Temple   | Found a transporter.
  8149 | Temple   | Found a transporter.
  8149 | Temple   | Found a transporter.
  8149 | Temple   | Found a transporter.
  8149 | Temple   | Entered the Ecumenical Temple
  8167 | Temple   | Became a worshipper of Ashenzari the Shackled
  8429 | D:6      | Found a shimmering blue altar of Sif Muna.
  9201 | D:7      | Reached skill level 1 in Fighting
  9316 | D:7      | Found a transporter.
  9403 | D:7      | Reached skill level 10 in Spellcasting
  9577 | D:7      | Reached XP level 10. HP: 54/54 MP: 14/26
  9925 | D:7      | Found a transporter.
 10182 | D:7      | HP: 1/55 [electric eel/bolt of electricity (13)]
 10182 | D:7      | Killed from afar by an electric eel

Illustrated notes

Levels and vault maps discovered:
D:1:      dpeg_arrival_shrine, layout_rooms, serial_glass, glass_columns_a,
          glass_columns_a, glass_columns_b, nicolae_twisty_statue_hallways
D:2:      layout_loops_corners, ebering_ecumenical_altar_webs, basic_altar,
          chequers_avenue
D:3:      layout_loops_ring, lemuel_crystal_altar, minmay_hedge_maze,
          guppyfry_early_lair_pool, uniq_grinder, uniq_jessica, uniq_natasha
D:4:      layout_layer_cave, nicolae_tso_swordbearing_angel,
          minmay_gold_behind_fungi, chequers_arboretum,
          hangedman_abyss_or_decor_stabs, nicolae_shop_i_like_big_books,
          minmay_increasing_density, uniq_crazy_yiuf_cottage, uniq_pikel,
          uniq_blork_the_orc, uniq_ijyb
D:5:      layout_rooms, mainiacjoe_overflow_boulevard, kennysheep_mini_moat,
          roderic_serpentine_path
D:6:      layout_loops_ring, lemuel_crystal_altar, minmay_temple_entry_trees
D:7:      gammafunk_steamed_eel, layout_rooms, minmay_door_square,
          nicolae_have_a_lightning_rod
Temple:   hellmonk_temple_divided_pantheon

Skill      XL: |  1  2  3  4  5  6  7  8  9 |
---------------+----------------------------+-----
Summonings     | 5 6 8 9 10 | 10.0
Hexes          | 3 4 |  4.0
Spellcasting   | 5 7 10 | 10.2
Dodging        | 4 5 8 |  8.7
Air Magic      | 2 4 |  4.0
Fighting       | 2 |  2.9
Stealth        | |  2.4

Action                     |  1- 3 |  4- 6 |  7- 9 | 10-12 || total
---------------------------+-------+-------+-------+-------++-------
  Melee: Unarmed           |    14 |     3 |       |       ||    17
         Dagger            |       |    19 |    23 |       ||    42
         Staff             |       |       |     9 |       ||     9
   Cast: Summon Small Mamm |    51 |    16 |     6 |       ||    73
         Call Imp          |    11 |    29 |    45 |     4 ||    89
         Call Canine Famil |     3 |    27 |    54 |     5 ||    89
         Summon Guardian G |       |     5 |    36 |     4 ||    45
         Summon Lightning  |       |       |    36 |     3 ||    39
    Use: Scroll            |       |       |     6 |       ||     6
   Stab: Sleeping          |       |     2 |     1 |       ||     3
         Distracted        |       |     1 |       |       ||     1
 Armour: Robe              |    14 |    18 |    34 |    10 ||    76
  Dodge: Dodged            |    29 |    15 |    42 |     9 ||    95

Table legend: (Time is in decaauts)
 A = Elapsed time spent in this place.
 B = Non-inter-level travel time spent in this place.
 C = Inter-level travel time spent in this place.
 D = Time resting spent in this place.
 E = Time spent auto-exploring this place.
 F = Levels seen in this place.
 G = Mean time per level.
                   A        B        C        D        E       F      G
               +--------+--------+--------+--------+--------+-----+--------+
         Total |  10182 |  10026 |    156 |    167 |   8241 |   8 | 1272.8 |
       Dungeon |  10143 |   9987 |    156 |    167 |   8241 |   7 | 1449.0 |
        Temple |     38 |     38 |      0 |      0 |      0 |   1 |   38.0 |
               +--------+--------+--------+--------+--------+-----+--------+

Top non-repeatable levels by time:
     D:4: 2370 daAuts
     D:5: 1643 daAuts
     D:2: 1477 daAuts
     D:3: 1399 daAuts
     D:6: 1279 daAuts
     D:7: 996 daAuts
     D:1: 975 daAuts
  Temple: 38 daAuts
